 Dungeon Crawl Stone Soup version 0.28-a0-1567-g1695149f81 (webtiles) character file.

Game seed: 17412550490367523202

1620 southernslant the Skirmisher (level 8, -8/61 HPs)
             Began as a Demonspawn Fighter on Jan 20, 2022.
             Was an Initiate of Makhleb.
             Mangled by an orc warrior (11 damage)
             ... on level 6 of the Dungeon.
             The game lasted 00:10:14 (6981 turns).

southernslant the Skirmisher (Demonspawn Fighter)   Turns: 6981, Time: 00:10:15

Health: -8/61      AC: 10    Str: 19    XL:     8   Next: 64%
Magic:  10/10      EV: 11    Int: 10    God:    Makhleb [......]
Gold:   227        SH:  5    Dex: 12    Spells: 7/7 levels left

rFire   . . .      SeeInvis .   z - +4 falchion
rCold   . . .      Faith    .   c - +0 buckler
rNeg    . . .      Spirit   .   b - +0 scale mail
rPois   .          Reflect  .   (helmet restricted)
rElec   .          Harm     .   (no cloak)
rCorr   .          Rampage  .   (no gloves)
Will    +....                   i - +0 pair of boots
Stlth   ..........              (no amulet)
HPRegen 0.20/turn               A - ring of willpower
MPRegen 0.12/turn               (no ring)

@: no status effects
A: antennae 2, molten scales 1, spiny 2
a: Renounce Religion


You were on level 6 of the Dungeon.
You worshipped Makhleb.
Makhleb was noncommittal.
You visited 2 branches of the dungeon, and saw 7 of its levels.

You collected 253 gold pieces.
You spent 26 gold pieces at shops.

Inventory:

Hand Weapons
 a - a +0 trident
 s - a +1 vampiric dagger
 z - a +4 falchion (weapon)
Missiles
 j - 253 stones
 q - 2 boomerangs (quivered)
Armour
 b - a +0 scale mail (worn)
 c - a +0 buckler (worn)
 i - a +0 pair of boots (worn)
Jewellery
 y - a ring of protection from cold
 A - a ring of willpower (left hand)
Wands
 x - a wand of acid (9)
Scrolls
 f - a scroll of fog {unknown}
 g - a scroll of torment {unknown}
 h - 2 scrolls of immolation {unknown}
 l - 3 scrolls of noise {unknown}
 n - 5 scrolls of identify
 o - a scroll of acquirement {unknown}
 p - a scroll of teleportation {unknown}
 r - a scroll of silence {unknown}
 u - a scroll of blinking {unknown}
 B - 2 scrolls of enchant armour {unknown}
 C - a scroll of fear {unknown}
Potions
 d - a potion of might
 e - a potion of ambrosia {unknown}
 k - 2 potions of attraction
 m - a potion of mutation {unknown}
 t - a potion of lignification {unknown}
 v - a potion of berserk rage {unknown}
 w - 2 potions of curing {unknown}
 D - a potion of cancellation {unknown}


   Skills:
 + Level 4.7 Fighting
 * Level 2.0 Short Blades
 - Level 4.5 Polearms
 + Level 2.5 Throwing
 + Level 4.2 Armour
 * Level 4.6 Dodging
 + Level 1.3 Stealth
 + Level 4.2 Shields
 * Level 3.2 Invocations
 + Level 1.5 Evocations


You had 7 spell levels left.
You didn't know any spells.
Your spell library contained the following spells:

 Spells                   Type           Power      Damage    Failure   Level
 Static Discharge         Conj/Air       0%         N/A       91%         2
 Lightning Bolt           Conj/Air       0%         1d11      100%        5
 Maxwell's Capacitive Co  Air            0%         ∞         100%        8


Dungeon Overview and Level Annotations

Branches:
Dungeon (6/15)             Temple (1/1) D:4

Altars:
Ashenzari
Cheibriados
Dithmenos
Elyvilon
Gozag
Hepliaklqana
Makhleb
Nemelex Xobeh
Okawaru
Qazlal
Ru
Sif Muna
Uskayaw
Xom
Yredelemnul
The Shining One
Beogh

Shops:
D:5 *


Innate Abilities, Weirdness & Mutations

You have a pair of antennae on your head.
You are partially covered in molten scales. (AC +2)
You are mostly covered in sharp spines.


Message History

You throw a boomerang. The boomerang hits the orc priest.
The orc priest is severely wounded.
The orc wizard casts a spell.
The orc wizard flickers and vanishes!
Deactivating autopickup; reactivate with Ctrl-A.
The orc warrior hits you but does no damage.
Throw: 2 boomerangs
Press: ? - help, Q - select action, (/) - cycle Shift-Dir - straight line, f/p - orc priest
Aim: an orc priest, wielding a +0 club and wearing a +0 leather armour (severely wounded, 60% to hit)
You throw a boomerang.
The boomerang barely misses the orc priest.
The orc warrior misses you.
You hit the orc priest.
You kill the orc priest!
Makhleb accepts your kill.
The orc warrior hits you from afar with a +0 glaive!
A jelly comes into view.
Your Short Blades skill increases to level 2!
You hit something.
The orc warrior hits you from afar with a +0 glaive!
The orc warrior closely misses you.
You hit the orc.
The orc is severely wounded.
Something hits you but does no damage. You block the orc warrior's attack.
You slash something! Something hits you but does no damage.
The orc hits you with a +0 dagger.
The orc warrior hits you from afar with a +0 glaive!
Something hits you but does no damage.
You hit something. The orc hits you but does no damage.
The orc warrior hits you from afar with a +0 glaive!
* * * LOW HITPOINT WARNING * * *
Something hits you but does no damage. The orc closely misses you.
You hit something but do no damage.
The orc warrior hits you from afar with a +0 glaive!
* * * LOW HITPOINT WARNING * * *
Something hits you but does no damage. The orc is struck by your spines.
You kill the orc!
Makhleb accepts your kill.
The orc warrior hits you from afar with a +0 glaive!
You die...

#.....# #.....#
#...>.# #.....#
#.....#
#####+####.....#
...............#
.....J.{.......#
..:..o)@.......#
.......).......#
...............#
##########.....#
{ #.....#
#.....# .....#
...


You could see an orc warrior and a jelly.

Vanquished Creatures
  Edmund (D:5)
  2 black bears (D:5)
  2 ogres
  A wyvern zombie (D:6)
  4 scorpions (D:5)
  A water moccasin skeleton (D:5)
  3 killer bees (D:5)
  6 hounds
  3 orc priests
  A bullfrog skeleton (D:4)
  A centaur skeleton (D:5)
  2 jellies
  An iguana (D:6)
  2 orc wizards
  A hound skeleton (D:5)
  A hound zombie (D:3)
  A mummy (D:4)
  Robin (D:1)
  3 gnolls
  4 adders
  2 worms
  4 dart slugs
  14 orcs
  3 endoplasms
  5 giant cockroaches (D:1)
  14 goblins
  13 hobgoblins
  2 jackals (D:2)
  5 quokkas
  10 ball pythons
  4 bats
  4 frilled lizards
  7 kobolds
  11 rats
139 creatures vanquished.

Vanquished Creatures (others)
  3 plants (D:5)
3 creatures vanquished.

Grand Total: 142 creatures vanquished

Notes
Turn   | Place    | Note
-------+----------+-------------------------------------------
     0 | D:1      | southernslant the Demonspawn Fighter began the quest for
                  | the Orb.
     0 | D:1      | Reached XP level 1. HP: 18/18 MP: 1/1
   371 | D:1      | Gained mutation: You have a pair of small antennae on your
                  | head. [demonic ancestry]
   371 | D:1      | Reached XP level 2. HP: 24/24 MP: 2/2
   550 | D:1      | Reached skill level 1 in Dodging
   814 | D:1      | Reached XP level 3. HP: 29/29 MP: 3/3
   969 | D:1      | Found a faded altar of an unknown god.
  1341 | D:2      | Identified the +2 helmet "Reyweih" {*Slow +Blink rPois
                  | rC++}
  1341 | D:2      | Noticed Robin
  1512 | D:1      | Killed Robin
  1767 | D:2      | Gained mutation: You are partially covered in molten
                  | scales. (AC +2) [demonic ancestry]
  1767 | D:2      | Reached XP level 4. HP: 14/35 MP: 4/4
  2423 | D:2      | Gained mutation: You have a pair of antennae on your head.
                  | [demonic ancestry]
  2423 | D:2      | Reached XP level 5. HP: 25/41 MP: 5/5
  3742 | D:4      | Gained mutation: You are partially covered in sharp spines.
                  | [demonic ancestry]
  3742 | D:4      | Reached XP level 6. HP: 42/48 MP: 6/6
  3862 | D:4      | Found a stormy altar of Qazlal.
  4018 | D:4      | Found a staircase to the Ecumenical Temple.
  4036 | D:4      | Reached skill level 1 in Throwing
  4089 | Temple   | Entered the Ecumenical Temple
  4156 | Temple   | Became a worshipper of Makhleb the Destroyer
  4356 | D:4      | Found a snail-covered altar of Cheibriados.
  4563 | D:5      | Entered Level 5 of the Dungeon
  4623 | D:5      | Reached XP level 7. HP: 38/53 MP: 7/7
  5057 | D:5      | Gained mutation: You are mostly covered in sharp spines.
                  | [demonic ancestry]
  5057 | D:5      | Reached XP level 8. HP: 40/61 MP: 8/8
  5065 | D:5      | Reached skill level 1 in Invocations
  5438 | D:5      | Reached skill level 1 in Short Blades
  5489 | D:5      | Found Urihasin's General Store.
  5496 | D:5      | Bought a scroll of identify for 26 gold pieces
  5751 | D:5      | Reached skill level 1 in Stealth
  5751 | D:5      | Reached skill level 1 in Evocations
  6052 | D:5      | Noticed Edmund
  6067 | D:5      | Killed Edmund
  6981 | D:6      | HP: 3/61 [orc warrior (11)]
  6981 | D:6      | Mangled by an orc warrior

Illustrated notes

Levels and vault maps discovered:
D:1:      dpeg_arrival_ternary, layout_basic,
          hellmonk_ecumenical_altar_defaced_shrine, minmay_split_cup_small
D:2:      layout_basic, uniq_robin
D:3:      layout_rooms, chequers_decorated_corner, st_stairs_13,
          kennysheep_generic_room_14
D:4:      layout_rooms, nicolae_qazlal_general_emergency, slow_altar_1,
          minmay_temple_entry_ruins, supply_closet_lemuel
D:5:      layout_layer_cave, serial_shops, nicolae_square_shop, serial_bayou,
          serial_bayou_shore_b, serial_bayou_pond_e, serial_bayou_pond_b,
          serial_bayou_lagoon_a, nrook_pool_corridor, uniq_edmund
D:6:      layout_gridville, mainiacjoe_overflow_catwalk, uniq_duvessa
Temple:   eino_temple_water

Skill      XL: |  1  2  3  4  5  6  7  8 |
---------------+-------------------------+-----
Polearms       | 2 3 4 |  4.5
Dodging        | 1 2 3 4 |  4.6
Armour         | 3 4 |  4.2
Shields        | 3 4 |  4.2
Throwing       | 1 2 |  2.5
Fighting       | 4 |  4.7
Invocations    | 3 |  3.2
Short Blades   | 2 |  2.0
Stealth        | 1 |  1.3
Evocations     | 1 |  1.5

Action                   |  1- 3 |  4- 6 |  7- 9 || total
-------------------------+-------+-------+-------++-------
Melee: Trident           |   150 |   215 |    27 ||   392
       Falchion          |       |       |    64 ||    64
Throw: Boomerang         |       |     2 |    10 ||    12
  Use: Potion            |       |       |     3 ||     3
Armor: Scale mail        |    84 |    91 |    48 ||   223
Dodge: Dodged            |    75 |    77 |    35 ||   187
Block: Buckler           |    30 |    32 |    24 ||    86

Table legend: (Time is in decaauts)
 A = Elapsed time spent in this place.
 B = Non-inter-level travel time spent in this place.
 C = Inter-level travel time spent in this place.
 D = Time resting spent in this place.
 E = Time spent auto-exploring this place.
 F = Levels seen in this place.
 G = Mean time per level.
                   A        B        C        D        E       F      G
               +--------+--------+--------+--------+--------+-----+--------+
         Total |   7100 |   6930 |    170 |      0 |   5887 |   7 | 1014.3 |
       Dungeon |   6871 |   6715 |    156 |      0 |   5686 |   6 | 1145.2 |
        Temple |    229 |    215 |     14 |      0 |    201 |   1 |  229.0 |
               +--------+--------+--------+--------+--------+-----+--------+

Top non-repeatable levels by time:
     D:5: 2117 daAuts
     D:1: 1716 daAuts
     D:2: 1247 daAuts
     D:3: 832 daAuts
     D:4: 610 daAuts
     D:6: 346 daAuts
  Temple: 229 daAuts
